 Dungeon Crawl Stone Soup version 0.18.1-47-g9310371 (webtiles) character file.

7336 Galewin the Fighter (level 10, -3/97 HPs)
             Began as a Black Draconian Berserker on June 18, 2016.
             Was an Elder of Trog.
             Slain by a two-headed ogre
             ... wielding a +0 giant spiked club
             ... summoned by the player character
              (33 damage)
             ... on level 11 of the Dungeon.
             The game lasted 00:41:19 (9003 turns).

Galewin the Fighter (Black Draconian Berserker)     Turns: 9003, Time: 00:41:19

Health: -3/97      AC: 12    Str: 22    XL:     10   Next: 90%
Magic:  10/10      EV: 16    Int:  8    God:    Trog [****..]
Gold:   418        SH:  0    Dex: 14    Spells: 0 memorised, 9 levels left

rFire  . . .     SeeInvis .     B - +1 glaive (freeze)
rCold  . . .     Gourm    .     (armour unavailable)
rNeg   . . .     Faith    .     (shield currently unavailable)
rPois  +         Spirit   .     (helmet restricted)
rElec  +         Dismiss  .     n - +2 cloak {rPois}
rCorr  .         Reflect  .     (no gloves)
SustAt .         Harm     .     (no boots)
MR     ++...                    (no amulet)
Stlth  +.........               o - +2 ring of protection
                                k - +3 ring of dexterity

@: short of breath, regenerating, very resistant to hostile enchantments, very
unstealthy
A: breathe lightning, unfitting armour, electricity resistance, cold-blooded, AC
+7
a: Breathe Lightning, Berserk, Trog's Hand, Brothers in Arms, Burn Spellbooks,
Renounce Religion


You were on level 11 of the Dungeon.
You worshipped Trog.
Trog was greatly pleased with you.
You were not hungry.

You visited 1 branch of the dungeon, and saw 11 of its levels.

You collected 574 gold pieces.
You spent 156 gold pieces at shops.

Inventory:

Hand Weapons
 B - a +1 glaive of freezing (weapon)
Armour
 n - a +2 cloak of poison resistance (worn)
Jewellery
 e - an uncursed ring of protection from fire
 i - an uncursed ring of see invisible
 k - a +3 ring of dexterity (left hand)
 o - a +2 ring of protection (right hand)
 K - a +5 ring of protection
Wands
 y - a wand of slowing (45/48)
Scrolls
 a - a scroll of enchant armour
 g - a scroll of immolation
 l - 7 scrolls of identify
 m - 3 scrolls of remove curse
 x - 2 scrolls of recharging
 G - a scroll of summoning
Potions
 d - a potion of cancellation
 j - 2 potions of brilliance
 q - 3 potions of curing
 w - 3 potions of might {unknown}
 A - a potion of cure mutation {unknown}
 E - a potion of flight {unknown}
 F - a potion of agility
 H - a potion of mutation {unknown}
 I - a potion of lignification {unknown}
Comestibles
 b - 4 bread rations
 c - 2 chunks of flesh
 f - 5 meat rations
 h - 7 slices of pizza
 s - 5 beef jerkies
 C - a fruit


   Skills:
 * Level 11.8 Fighting
   Level 7.7(9.2) Axes
   Level 3.5(6.0) Maces & Flails
 * Level 6.7(8.4) Polearms
 + Level 7.7 Dodging


You had 9 spell levels left.
You didn't know any spells.

Dungeon Overview and Level Annotations

Branches:
Dungeon (11/15)            Temple (0/1) D:7            Lair (0/8) D:10
    Orc (0/2) D:9

Altars:
Ashenzari
Dithmenos
Gozag
Okawaru
Sif Muna
Trog
Vehumet
Xom
Zin
The Shining One

Shops:
D:8 (   D:10 (

Annotations:
D:8 daning's ghost, novice HESk


Innate Abilities, Weirdness & Mutations

You can breathe wild blasts of lightning.
Your glossy black scales are hard (AC +7).
Your body does not fit into most forms of armour.
You are resistant to electric shocks.
You are cold-blooded and may be slowed by cold attacks.


Message History

* * * LOW HITPOINT WARNING * * *
The two-headed ogre misses you. The two-headed ogre closely misses you.
The two-headed ogre misses you. The adder barely misses you.
Read which item? (? for menu, Esc to quit)
Okay, then.
Drink which item? (? for menu, Esc to quit)
You feel much better. The adder closely misses you.
The two-headed ogre hits you with a giant spiked club!!
The two-headed ogre closely misses you.
An orc, an orc priest and an orc wizard come into view.
The orc priest shouts!
The two-headed ogre barely misses you.
The two-headed ogre hits you with a dire flail!
* * * LOW HITPOINT WARNING * * *
The orc priest looks braver for a moment.
An electric eel comes into view.
The adder completely misses you.
You hear a shout!
The two-headed ogre hits you with a giant spiked club!!
You die... #..#.≈≈# yy ≈...# # #..#.≈≈# wwy ≈...# # #######..#.≈≈# ywwy

≈≈...# # #........#.≈≈##yy
≈≈.... ######........##≈≈###
#≈≈....
...........>....≈≈≈######≈≈≈....
.................≈≈≈≈≈≈≈≈≈≈.....
.......#########..≈≈≈≈o≈;≈......
.......# #@....o.(........
.......# #SO.(o.(.........
.......# #.).########.....
.......# #...# .....
.......#########...# ..^.
...................# ...
########'####<...... ?.#
............#.......#
............#......%.


You could see a two-headed ogre (berserk), 3 worms, 2 killer bees, an orc
priest, an orc wizard, an adder and an orc.

Vanquished Creatures
  Erolcha (D:9)
  Psyche (D:8)
  A kobold demonologist (D:10)
  7 yaks
  A human (D:7)
  Grum (D:8)
  A hungry ghost (D:8)
  A hippogriff (D:8)
  3 orc warriors
  A phantom (D:4)
  6 ogres
  2 centaurs
  4 wolves (D:8)
  The ghost of Galewin the Ruffian, an amateur VSMo (D:6)
  A big kobold (D:8)
  7 giant frogs
  A wyvern skeleton (D:11)
  5 scorpions
  12 killer bees
  3 wights (D:6)
  A howler monkey (D:5)
  A centaur zombie (D:10)
  8 crimson imps
  3 jellies
  3 orc priests
  2 giant frog zombies
  4 hounds
  2 giant frog skeletons
  Crazy Yiuf (D:5)
  A gnoll shaman (D:8)
  9 orc wizards
  9 worker ants
  3 sheep (D:7)
  2 hound skeletons (D:5)
  8 gnolls (D:8)
  6 adders
  2 shadow imps
  2 oozes
  An adder zombie (D:5)
  An adder skeleton (D:6)
  6 worms
  4 dart slugs
  5 giant geckos
  19 orcs
  5 bats
  2 giant cockroaches
  7 hobgoblins
  10 jackals
  11 kobolds
  2 quokkas
  2 giant gecko skeletons
  5 giant newts
  8 goblins
  6 rats
221 creatures vanquished.

Notes
Turn   | Place    | Note
--------------------------------------------------------------
     0 | D:1      | Galewin the Draconian Berserker began the quest for the Orb.
     0 | D:1      | Reached XP level 1. HP: 19/19 MP: 1/1
   160 | D:1      | Found a glowing silver altar of Zin.
   160 | D:1      | Found a deep blue altar of Sif Muna.
   248 | D:1      | Reached XP level 2. HP: 23/26 MP: 2/2
   437 | D:1      | Reached skill level 4 in Fighting
   729 | D:2      | Reached XP level 3. HP: 32/33 MP: 3/3
   843 | D:2      | Reached ** piety under Trog
  1360 | D:3      | Reached skill level 1 in Axes
  1360 | D:3      | Reached XP level 4. HP: 33/41 MP: 4/4
  1458 | D:3      | Found an opulent altar of Gozag.
  1746 | D:3      | Found a bloodstained altar of Trog.
  1904 | D:4      | Reached XP level 5. HP: 15/47 MP: 5/5
  2203 | D:4      | Noticed a phantom
  2220 | D:4      | Killed a phantom
  2220 | D:4      | Reached skill level 5 in Fighting
  2546 | D:5      | Entered Level 5 of the Dungeon
  2616 | D:5      | Reached XP level 6. HP: 21/56 MP: 6/6
  2922 | D:5      | Found a glowing golden altar of the Shining One.
  3162 | D:5      | Reached skill level 6 in Fighting
  3342 | D:5      | Your scales start taking on a glossy black colour.
  3342 | D:5      | Reached XP level 7. HP: 61/63 MP: 7/7
  3342 | D:5      | Gained mutation: You are resistant to electric shocks. [Black Draconian growth]
  3578 | D:5      | Noticed Crazy Yiuf
  3585 | D:5      | Killed Crazy Yiuf
  3749 | D:6      | Noticed Galewin's ghost (amateur VSMo)
  3766 | D:6      | Killed Galewin's ghost
  3985 | D:6      | Reached skill level 7 in Fighting
  3985 | D:6      | Reached skill level 5 in Axes
  4196 | D:6      | Found a radiant altar of Vehumet.
  4196 | D:6      | Found a shimmering altar of Xom.
  4197 | D:6      | Found an opulent altar of Gozag.
  4204 | D:6      | Reached XP level 8. HP: 69/73 MP: 8/8
  4355 | D:6      | Reached *** piety under Trog
  4464 | D:7      | Reached skill level 5 in Dodging
  4640 | D:7      | Found a staircase to the Ecumenical Temple.
  4693 | D:7      | Reached skill level 8 in Fighting
  5313 | D:8      | Reached XP level 9. HP: 78/82 MP: 9/9
  5752 | D:8      | Reached skill level 9 in Fighting
  6054 | D:8      | Noticed daning's ghost (novice HESk)
  6483 | D:8      | Found Joghun's Antique Weapon Shop.
  6502 | D:8      | Bought a runed glaive for 156 gold pieces
  6537 | D:8      | Noticed Psyche
  6546 | D:8      | Killed Psyche
  6546 | D:8      | Reached skill level 1 in Polearms
  6608 | D:8      | Reached skill level 10 in Fighting
  6642 | D:8      | Noticed Grum
  6665 | D:8      | Killed Grum
  6978 | D:8      | Got a heavily runed iron ring
  7401 | D:8      | Reached XP level 10. HP: 90/94 MP: 10/10
  7406 | D:8      | Reached **** piety under Trog
  7809 | D:9      | Found an iron altar of Okawaru.
  7855 | D:9      | Found a shadowy altar of Dithmenos.
  7936 | D:9      | Found a staircase to the Orcish Mines.
  7957 | D:9      | Noticed Erolcha
  7962 | D:9      | Killed Erolcha
  7962 | D:9      | Reached skill level 5 in Polearms
  7973 | D:9      | Reached skill level 11 in Fighting
  8109 | D:9      | Found a shattered altar of Ashenzari.
  8457 | D:10     | Entered Level 10 of the Dungeon
  8824 | D:10     | Found Taifi's Weapon Boutique.
  8824 | D:10     | Noticed a death knight
  8866 | D:10     | Found a staircase to the Lair.
  8880 | D:11     | Noticed a rust devil
  8890 | D:10     | Noticed a soul eater
  9003 | D:11     | Slain by a two-headed ogre

Skill      XL: |  1  2  3  4  5  6  7  8  9 10 |
---------------+-------------------------------+-----
Fighting       | 4 5 6 7 8 10 11 | 11.8
Dodging        | 3 4 5 6 7 |  7.7
Axes           | 1 2 3 5 7 |  7.7
Polearms       | 4 6 |  6.7
Maces & Flails | |  3.5

Action                   |  1- 3 |  4- 6 |  7- 9 | 10-12 || total
-------------------------+-------+-------+-------+-------++-------
Melee: Mace              |    53 |       |       |       ||    53
       Tailslap          |     7 |    25 |    83 |    26 ||   141
       Hand axe          |    91 |   160 |   362 |       ||   613
       Glaive            |       |       |    80 |   189 ||   269
Invok: Berserk           |     2 |     3 |     7 |     2 ||    14
       Trog's Hand       |       |     2 |     7 |     6 ||    15
       Burn Spellbooks   |       |       |     1 |     2 ||     3
       Brothers in Arms  |       |       |       |     1 ||     1
 Abil: Breathe Lightning |       |       |     9 |     4 ||    13
  Use: Scroll            |     2 |     5 |     4 |     3 ||    14
       Potion            |     2 |     4 |       |     2 ||     8
 Stab: Sleeping          |     1 |       |       |       ||     1
  Eat: Chunk             |     4 |     1 |     7 |     2 ||    14
       Bread ration      |       |     2 |     3 |       ||     5
       Meat ration       |       |       |     1 |     1 ||     2
       Pizza             |       |       |       |     2 ||     2
Armor: Skin              |    46 |    40 |   138 |    86 ||   310
Dodge: Dodged            |   108 |   106 |   377 |   218 ||   809
